 Dungeon Crawl Stone Soup version 0.30.0-5-g1a98f26d00 (webtiles) character file.

Game seed: 18282605113667397873

2100 croobank the Covert (level 9, -11/52 HPs)
             Began as a Vampire Gladiator on May 11, 2023.
             Was an Initiate of Hepliaklqana.
             Mangled by a manticore (20 damage)
             ... on level 7 of the Dungeon on May 12, 2023.
             The game lasted 00:35:13 (7646 turns).

croobank the Covert (Vampire Gladiator)             Turns: 7646, Time: 00:35:13

Health: -11/52     AC:  4    Str: 11 (13) XL:     9   Next: 7%
Magic:  10/10      EV: 15    Int:  8 (10) God:    Hepliaklqana [......]
Gold:   122        SH:  0    Dex: 18 (20) Spells: 8/8 levels left

rFire   . . .        e - +2 dagger (venom)
rCold   + + .        (no shield)
rNeg    + + +        o - +0 leather armour
rPois   ∞            c - +0 helmet
rElec   .            (no cloak)
rCorr   .            (no gloves)
SInv    +            (no boots)
Will    .....        (no amulet)
Stlth   ++++         (no ring)
HPRegen 0.00/turn    (no ring)
MPRegen 0.12/turn

%: no passive effects
@: confused, ambrosia-drunk, bloodless, inhibited regen
A: bloodless, fangs 3, see invisible, vampiric 2
a: Bat Form, Revivify, Renounce Religion


You were on level 7 of the Dungeon.
You worshipped Hepliaklqana.
Hepliaklqana was noncommittal.
You visited 2 branches of the dungeon, and saw 8 of its levels.

You collected 332 gold pieces.
You spent 210 gold pieces at shops.

Inventory:

Hand Weapons
 a - a +1 rapier of freezing
 b - a +0 sling
 d - a +1 whip of electrocution
 e - a +2 dagger of venom (weapon)
 q - a +0 war axe
Missiles
 v - 3 javelins (quivered)
Armour
 c - a +0 helmet (worn)
 o - a +0 leather armour (worn)
Scrolls
 i - 2 scrolls of vulnerability
 t - a scroll of teleportation
 w - a scroll of amnesia
 x - a scroll of brand weapon
Potions
 f - a potion of magic
 g - a potion of haste
 h - 3 potions of brilliance
 k - a potion of cancellation
 l - 2 potions of flight
 m - a potion of attraction
 n - 3 potions of curing
 p - 3 potions of mutation
 r - 2 potions of lignification
 u - a potion of might {unknown}


   Skills:
 + Level 4.7 Fighting
 + Level 6.4 Short Blades
 - Level 4.0 Throwing
 + Level 6.2 Dodging
 * Level 10.3 Stealth
 * Level 1.7 Invocations


You had 8 spell levels left.
You didn't know any spells.
Your spell library contained the following spells:

 Spells                   Type           Power      Damage    Failure   Level
 Freeze                   Ice            0%         1d3       50%         1
 Cigotuvi's Dreadful Rot  Necr/Pois/Air  0%         N/A       65%         2
 Ensorcelled Hibernation  Hex/Ice        0%         N/A       65%         2
 Passwall                 Tmut/Erth      0%         N/A       65%         2
 Frozen Ramparts          Ice            0%         1d1       86%         3
 Hailstorm                Conj/Ice       0%         3d3       86%         3
 Ignite Poison            Fire/Tmut/Pois 0%         N/A       86%         3
 Swiftness                Air            0%         N/A       86%         3
 Volatile Blastmotes      Fire/Tloc      0%         2d10      86%         3
 Anguish                  Hex/Necr       0%         N/A       99%         4
 Cause Fear               Hex            0%         N/A       99%         4
 Fulminant Prism          Conj/Hex       0%         3d5       99%         4
 Iskenderun's Mystic Bla  Conj/Tloc      0%         2d3       99%         4
 Freezing Cloud           Conj/Ice/Air   0%         6-21      100%        5
 Lee's Rapid Deconstruct  Erth           0%         3d4*      100%        5
 Enfeeble                 Hex            0%         N/A       100%        7


Dungeon Overview and Level Annotations

Branches:
Dungeon (7/15)             Temple (1/1) D:6

Altars:
Cheibriados
Fedhas
Gozag
Hepliaklqana
Kikubaaqudgha
Okawaru
Qazlal
Ru
Sif Muna
Trog
Uskayaw
Vehumet
Xom
Yredelemnul

Shops:
D:2 :   D:6 *


Innate Abilities, Weirdness & Mutations

You do not regenerate when monsters are visible.
You are frail without blood (-20% HP).
You can heal yourself when you bite living creatures.
You are immune to poison.
You have razor-sharp teeth.
You have supernaturally acute eyesight. (SInv)
You are afflicted with vampirism and can become a bat while bloodless.


Message History

Okay, then.
There is a stone staircase leading up here.
You start waiting.
Done waiting.
You open the door.
A manticore is nearby!
There is an open door here.
You barely miss the manticore. You hit the manticore but do no damage.
The manticore is poisoned.
The manticore bites you! The manticore claws you! The manticore claws you.
You closely miss the manticore. You bite the manticore.
You draw the manticore's blood!
You feel better.
The manticore is lightly wounded.
The manticore barely misses you. The manticore misses you.
The manticore claws you!
You completely miss the manticore.
The manticore is lightly wounded.
You hit the manticore.
The manticore looks as sick as possible!
You bite the manticore.
You draw the manticore's blood!
You feel better.
The manticore is lightly wounded.
The manticore bites you. The manticore claws you. The manticore claws you!
* * * LOW HITPOINT WARNING * * *
Okay, then.
You aren't carrying any items that you can evoke.
Okay, then.
Throw: 3 javelins
Press: ? - help, Q - select action Shift-Dir - straight line You can't see that place.
Okay, then.
Okay, then.
It was a potion of ambrosia.
You are confused.
You feel invigorated. The manticore bites you.
* * * LOW HITPOINT WARNING * * *
The manticore misses you. The manticore claws you.
* * * LOW HITPOINT WARNING * * *
Okay, then.
The manticore attacks as you move away! The manticore bites you!!
You die...

#...##..##........#
#..##....##.......#
#..##....##.......#
##.#......#.......#
####..#..#...#.......#
#........#...........#
##........#...........#
#.........#.....H.....#
#.........#####@#.....#
#...............#.....#
#...............#.....#
#..<............#.....#
################# ...


You could see a manticore (extremely poisoned).

Vanquished Creatures
  Pikel (D:5)
  Duvessa (D:5)
  A water moccasin (D:5)
  A sky beast (D:7)
  A black bear (D:6)
  A lemure (D:4)
  2 phantoms (D:3)
  5 bullfrogs
  3 scorpions
  Dowan (D:5)
  2 hounds
  An orc priest (D:5)
  2 gnoll boudas
  An iguana (D:5)
  2 orc wizards
  Ijyb (D:4)
  10 gnolls
  6 adders
  A white imp (D:5)
  3 ufetubi
  2 dart slugs
  11 orcs
  10 ball pythons
  5 bats
  6 endoplasms
  2 giant cockroaches
  8 goblins
  6 hobgoblins
  7 jackals
  3 quokkas
  4 frilled lizards
  8 kobolds
  9 rats
127 creatures vanquished.

Vanquished Creatures (others)
  An orc wizard (D:6)
1 creature vanquished.

Grand Total: 128 creatures vanquished

Notes
Turn   | Place    | Note
-------+----------+-------------------------------------------
     0 | D:1      | croobank the Vampire Gladiator began the quest for the Orb.
     0 | D:1      | Reached XP level 1. HP: 16/16 MP: 1/1
   203 | D:1      | Reached XP level 2. HP: 22/22 MP: 2/2
   787 | D:1      | Reached skill level 1 in Stealth
  1018 | D:2      | Gained mutation: You are afflicted with vampirism and can
                  | become a bat while bloodless. [Vampire growth]
  1018 | D:2      | Reached XP level 3. HP: 26/27 MP: 3/3
  1031 | D:2      | Found a sacrificial altar of Ru.
  1084 | D:2      | Found Mumo's Book Boutique.
  1224 | D:2      | Reached skill level 2 in Stealth
  1632 | D:3      | Reached XP level 4. HP: 33/34 MP: 4/4
  2881 | D:4      | Noticed a phantom
  2881 | D:4      | Noticed a phantom
  2925 | D:3      | Killed a phantom
  2926 | D:3      | Reached skill level 3 in Stealth
  2926 | D:3      | Reached XP level 5. HP: 30/39 MP: 5/5
  2934 | D:3      | Killed a phantom
  2935 | D:3      | Reached skill level 4 in Stealth
  3079 | D:4      | Noticed Ijyb
  3096 | D:4      | Reached XP level 6. HP: 38/47 MP: 6/6
  3121 | D:4      | Killed Ijyb
  3122 | D:4      | Reached skill level 5 in Stealth
  3818 | D:5      | Entered Level 5 of the Dungeon
  3873 | D:5      | Reached skill level 6 in Stealth
  3884 | D:5      | Reached XP level 7. HP: 16/52 MP: 7/7
  4107 | D:5      | Reached skill level 5 in Short Blades
  4157 | D:5      | Noticed Pikel
  4887 | D:5      | Noticed Duvessa
  4887 | D:5      | Noticed Dowan
  4914 | D:5      | Killed Duvessa
  4915 | D:5      | Reached skill level 5 in Dodging
  4915 | D:5      | Reached skill level 7 in Stealth
  4929 | D:5      | Killed Dowan
  5155 | D:5      | Killed Pikel
  5156 | D:5      | Reached skill level 8 in Stealth
  5156 | D:5      | Reached XP level 8. HP: 60/60 MP: 8/8
  5273 | D:5      | Found a bloodstained altar of Trog.
  5275 | D:5      | Found an iron altar of Okawaru.
  5275 | D:5      | Found a hide-covered altar of Uskayaw.
  5580 | D:6      | Reached skill level 9 in Stealth
  5618 | D:6      | Found Gean's Assorted Antiques.
  5965 | D:6      | Bought a scroll of teleportation for 63 gold pieces
  5965 | D:6      | Bought a scroll of identify for 42 gold pieces
  5965 | D:6      | Bought a scroll of identify for 42 gold pieces
  5965 | D:6      | Bought a potion of curing for 63 gold pieces
  6100 | D:6      | Found a staircase to the Ecumenical Temple.
  6109 | Temple   | Entered the Ecumenical Temple
  6127 | Temple   | Became a worshipper of Hepliaklqana the Forgotten
  6463 | D:6      | Reached skill level 10 in Stealth
  6463 | D:6      | Reached skill level 1 in Invocations
  6805 | D:6      | Found a sacrificial altar of Ru.
  7013 | D:7      | Reached XP level 9. HP: 66/66 MP: 8/10
  7118 | D:7      | Noticed a manticore
  7646 | D:7      | Mangled by a manticore

Illustrated notes

Levels and vault maps discovered:
D:1:      dpeg_arrival_signposts, layout_basic
D:2:      layout_loops_cross, basic_altar, serial_shops, shop
D:3:      layout_basic
D:4:      layout_cave_pods, minmay_misc_feat_rows, minmay_mini_jars, uniq_ijyb
D:5:      layout_basic, grunt_temple_overflow_diamond, uniq_duvessa, uniq_pikel
D:6:      layout_loops_ring, mainiacjoe_overflow_alcove_2, temple_green,
          serial_shops, shop
D:7:      layout_gridville, mainiacjoe_overflow_small_starburst,
          minmay_misc_feat_x, nicolae_inconvenience_store,
          minmay_misc_feat_five, minmay_crystal_room, minmay_misc_feat_tower,
          kennysheep_generic_room_12
Temple:   chequers_temple_sunken

Skill      XL: |  1  2  3  4  5  6  7  8 |
---------------+-------------------------+-----
Fighting       | 2 3 4 |  4.7
Stealth        | 1 2 3 4 6 8 10 | 10.3
Throwing       | 2 3 4 |  4.0
Short Blades   | 4 5 6 |  6.4
Dodging        | 4 5 6 |  6.2
Invocations    | 1 |  1.7

Action                     |  1- 3 |  4- 6 |  7- 9 || total
---------------------------+-------+-------+-------++-------
  Melee: Rapier            |   103 |   171 |       ||   274
         Bite              |    10 |    13 |    29 ||    52
         Punch             |     1 |     1 |     2 ||     4
         Dagger            |       |     5 |   200 ||   205
         Unarmed           |       |       |    12 ||    12
   Fire: Sling             |    11 |     1 |       ||    12
  Throw: Throwing net      |       |     4 |     3 ||     7
         Javelin           |       |       |    12 ||    12
Ability: End Transformatio |       |       |     1 ||     1
         Bat Form          |       |       |     1 ||     1
         Exsanguinate      |       |       |     1 ||     1
    Use: Scroll            |       |    21 |     7 ||    28
         Potion            |       |     2 |     2 ||     4
   Stab: Sleeping          |     2 |     9 |     5 ||    16
         Held in net/web   |       |     1 |     3 ||     4
         Distracted        |       |       |     1 ||     1
 Armour: Leather armour    |    29 |    59 |    25 ||   113
  Dodge: Dodged            |    73 |   131 |   153 ||   357
